 Dungeon Crawl Stone Soup version 0.16.2-12-gd0ad4c3 (webtiles) character file.

121 faibistes the Magician (level 4, -2/24 HPs)
             Began as a Deep Elf Wizard on Apr 30, 2019.
             Was an Initiate of Sif Muna.
             Engulfed by a cloud of flame (26 damage)
             ... on level 3 of the Dungeon.
             The game lasted 00:06:19 (3422 turns).

faibistes the Magician (Deep Elf Wizard)            Turns: 3422, Time: 00:06:19

Health: -2/24      AC:  2    Str:  4    XL:     4   Next: 76%
Magic:  12/18      EV: 13    Int: 24    God:    Sif Muna [......]
Gold:   185        SH:  0    Dex: 13    Spells: 6 memorised, 2 levels left

rFire  . . .     SeeInvis .     f - +0 dagger
rCold  . . .     Clarity  .     a - +0 robe
rNeg   . . .     SustAb   .     (no shield)
rPois  .         Gourm    .     b - +0 hat
rElec  .         Spirit   .     (no cloak)
rCorr  +         Warding  .     (no gloves)
rMut   .         Stasis   .     (no boots)
MR     .....                    v - amulet of resist corrosion
Stlth  +.........               (no ring)
                                (no ring)

@: confused, repel missiles, not resistant to hostile enchantments, very
unstealthy
A: no striking features
a: Renounce Religion


You were on level 3 of the Dungeon.
You worshipped Sif Muna.
Sif Muna was noncommittal.
You were not hungry.

You visited 1 branch of the dungeon, and saw 4 of its levels.

You collected 185 gold pieces.

Inventory:

Hand weapons
 f - a +0 dagger (weapon)
Armour
 a - a +0 robe (worn)
 b - a +0 hat (worn)
Jewellery
 v - an amulet of resist corrosion (around neck)
Scrolls
 e - a scroll of enchant weapon {unknown}
 h - a scroll of amnesia
 i - a scroll of teleportation
 l - a scroll of random uselessness
 m - a scroll of fear {unknown}
 q - 2 scrolls of remove curse
 y - a scroll of fog {unknown}
Potions
 g - 4 potions of resistance
 k - a potion of cure mutation {unknown}
 n - 2 potions of curing
 p - a potion of cancellation {unknown}
 r - 2 potions of lignification {unknown}
 t - a potion of flight {unknown}
 x - a potion of restore abilities {unknown}
 z - a potion of magic {unknown}
Books
 c - a book of Minor Magic

   Spells                             Type                      Level
   a - Magic Dart                     Conjuration                  1
   b - Blink                          Translocation                2
   c - Call Imp                       Summoning                    2
   d - Repel Missiles                 Charms/Air                   2
   e - Slow                           Hexes                        2
   f - Conjure Flame                  Conjuration/Fire             3
   g - Mephitic Cloud                 Conjuration/Poison/Air       3
 w - a book of Summonings

   Spells                             Type                      Level
   a - Abjuration                     Summoning                    3
   b - Recall                         Summoning/Translocation      3
   c - Shadow Creatures               Summoning                    5
   d - Summon Demon                   Summoning                    5
   e - Summon Forest                  Summoning/Translocation      5
   f - Monstrous Menagerie            Summoning                    6
Comestibles
 d - 2 bread rations
 s - 2 beef jerkies
 u - a slice of pizza
 A - 4 chunks of flesh


   Skills:
 + Level 3.2 Dodging
 - Level 2.4 Stealth
 * Level 6.0 Spellcasting
 * Level 3.2 Conjurations
 - Level 1.1 Summonings
 - Level 1.1 Translocations


You had 2 spell levels left.
You knew the following spells:

 Your Spells              Type           Power        Failure   Level  Hunger
a - Magic Dart            Conj           ###.         1%          1    None
b - Conjure Flame         Conj/Fire      ###.....     14%         3    #......
c - Call Imp              Summ           ##......     10%         2    None
d - Blink                 Tloc           N/A          10%         2    None
e - Mephitic Cloud        Conj/Pois/Air  ##......     17%         3    #......
f - Repel Missiles        Chrm/Air       #.....       12%         2    None


Dungeon Overview and Level Annotations

Branches:
Dungeon (4/15)
 Temple: D:4-7

Altars:
Elyvilon
Nemelex Xobeh
Sif Muna
Trog

Annotations:
D:3 faibistes' ghost, weakling DEWz


Message History

Faibistes' ghost is heavily damaged.
Faibistes' ghost casts a spell at you.
The ball explodes into a vile cloud!
The stinking cloud engulfs you!
Casting: Magic Dart
Confirm with . or Enter, or press ? or * to list all spells.
Aiming: Magic Dart
Press: ? - help, Shift-Dir - straight line, f/p - faibistes' ghost
Aim: faibistes' ghost (heavily damaged)
The magic dart hits faibistes' ghost.
Faibistes' ghost is severely damaged.
You are engulfed in noxious fumes.
You choke on the stench!
You are confused.
You're too confused to cast spells.
You're too confused!
Unknown command.
Unknown command.
Unknown command.
You are engulfed in roaring flames.
Ouch! That really hurt!
You die...

###.#....###......
#...............
#######..÷########.##.
#.........# #(..#.
..#####..## #.♣.#.
#..## #..^#. #.. ##§.#
##.##. . ...# #§..#
#.### .### ...#
#@#.####### ##.##
...#....#
#W#...#...###...##
..<..#
#..#.#...♣....._...
...###
.o.##)###...###...##
...# ..o## #.# #####
##.## ...# o.W## #.#
#.# #### o #.# #.# #.#
... ... .♣.


You could see an orc wizard, faibistes' ghost and an orc.

Vanquished Creatures
  A centaur zombie (D:4)
  A hound zombie (D:4)
  2 adders
  2 worms (D:2)
  An ooze (D:2)
  2 orcs (D:3)
  A bat skeleton (D:4)
  A giant cockroach (D:2)
  5 hobgoblins
  4 jackals (D:3)
  A quokka (D:2)
  A ball python (D:3)
  5 bats
  A giant cockroach zombie (D:4)
  A giant gecko zombie (D:4)
  A giant newt (D:3)
  2 goblins
  4 kobolds
  7 rats
43 creatures vanquished.

Vanquished Creatures (collateral kills)
  A worm (D:2)
1 creature vanquished.

Grand Total: 44 creatures vanquished

Notes
Turn   | Place    | Note
--------------------------------------------------------------
     0 | D:1      | faibistes, the Deep Elf Wizard, began the quest for the Orb.
     0 | D:1      | Reached XP level 1. HP: 10/10 MP: 6/6
   616 | D:1      | Reached XP level 2. HP: 15/15 MP: 4/10
   624 | D:1      | Learned a level 2 spell: Blink
   627 | D:1      | Learned a level 2 spell: Call Imp
  1199 | D:3      | Reached skill level 5 in Spellcasting
  1416 | D:2      | Found a sparkling altar of Nemelex Xobeh.
  1643 | D:2      | Reached XP level 3. HP: 19/19 MP: 7/14
  1726 | D:2      | Learned a level 3 spell: Conjure Flame
  1730 | D:2      | Learned a level 3 spell: Mephitic Cloud
  1864 | D:3      | Noticed faibistes' ghost (weakling DEWz)
  2188 | D:2      | Found a deep blue altar of Sif Muna.
  2194 | D:2      | Became a worshipper of Sif Muna the Loreminder
  2711 | D:2      | Found a bloodstained altar of Trog.
  2829 | D:3      | Found a white marble altar of Elyvilon.
  2927 | D:4      | Reached XP level 4. HP: 17/24 MP: 13/17
  3170 | D:3      | Learned a level 2 spell: Repel Missiles
  3335 | D:3      | Reached skill level 6 in Spellcasting
  3422 | D:3      | Engulfed by a cloud of flame

Action                   |  1- 3 |  4- 6 || total
-------------------------+-------+-------++-------
Melee: Dagger            |     2 |     4 ||     6
 Cast: Magic Dart        |    99 |    20 ||   119
       Call Imp          |     2 |       ||     2
       Conjure Flame     |     1 |     3 ||     4
       Mephitic Cloud    |     1 |       ||     1
       Repel Missiles    |       |     1 ||     1
  Use: Scroll            |     4 |     2 ||     6
  Eat: Chunk             |     6 |     1 ||     7
